 Dungeon Crawl Stone Soup version 0.28-a0-445-g51f8dfeb47 (webtiles) character file.

Game seed: 2237028683847038977

955 Conn the Firebug (level 8, -4/72 HPs)
             Began as an Octopode Fire Elementalist on Sept 12, 2021.
             Was a Follower of Sif Muna.
             Engulfed by a cloud of flame (6 damage)
             ... on level 6 of the Dungeon.
             The game lasted 00:22:27 (5987 turns).

Conn the Firebug (Octopode Fire Elementalist)       Turns: 5987, Time: 00:22:27

Health: -4/72      AC: 24    Str: 14    XL:     8   Next: 14%
Magic:  22/22      EV:  2    Int: 25    God:    Sif Muna [*.....]
Gold:   192        SH:  0    Dex: 12    Spells: 3/14 levels left

rFire   + + .      SeeInvis .   b - staff of fire
rCold   . . .      Faith    .   (no shield)
rNeg    + + +      Spirit   .   (helmet currently unavailable)
rPois   +          Reflect  .   (no amulet)
rElec   .          Harm     .   f - +6 ring of strength
rCorr   .          Rampage  .   g - ring of protection from fire
Will    .....      NoTele   +   r - +6 ring of intelligence
Stlth   ++........              l - ring of wizardry
HPRegen 0.22/turn               w - ring of magical power
MPRegen 0.18/turn               (no ring)
                                (no ring)
                                (no ring)

@: mighty, tree-form (expiring), attractive, very slightly contaminated,
invisible
A: stationary, stasis, torment immunity, boosted hp, almost no armour,
(amphibious), 8 rings, (camouflage 1), (gelatinous body 1), (nimble swimmer 1),
(tentacles)
a: Renounce Religion, Channel Magic


You were on level 6 of the Dungeon.
You worshipped Sif Muna.
Sif Muna was aware of your devotion.
You were a tree.
You visited 2 branches of the dungeon, and saw 7 of its levels.

You collected 192 gold pieces.

Inventory:

Hand Weapons
 a - a +1 dagger of speed
 o - a +0 short sword
Magical Staves
 b - a staff of fire (weapon)
Jewellery
 f - a +6 ring of strength (left branch)
 g - a ring of protection from fire (right branch)
 l - a ring of wizardry (on tentacle)
 r - a +6 ring of intelligence (on tentacle)
 w - a ring of magical power (on tentacle)
Wands
 c - a wand of iceblast (6)
 p - a wand of paralysis (6)
Scrolls
 e - a scroll of amnesia {unknown}
 m - a scroll of noise {unknown}
 n - a scroll of summoning {unknown}
 s - a scroll of brand weapon {unknown}
 u - a scroll of fog {unknown}
Potions
 i - 2 potions of flight
 j - 2 potions of haste
 k - a potion of lignification
 q - a potion of invisibility
 t - a potion of attraction


   Skills:
 + Level 1.0 Fighting
 + Level 0.7 Short Blades
 + Level 0.4 Staves
 + Level 2.6 Dodging
 + Level 4.2 Stealth
 + Level 3.9 Spellcasting
 * Level 4.6 Conjurations
 + Level 0.3 Hexes
 * Level 6.4 Fire Magic
 * Level 0.1 Invocations


You had 3 spell levels left.
You knew the following spells:

 Your Spells              Type           Power      Damage    Failure   Level
a - Foxfire               Conj/Fire      100%       2x1d9     1%          1
b - Conjure Flame         Conj/Fire      48%        6-21      1%          3
c - Inner Flame           Hex/Fire       32%        N/A       2%          3
d - Flame Wave            Conj/Fire      48%        3d9       4%          4

Your spell library contained the following spells:

 Spells                   Type           Power      Damage    Failure   Level
 Magic Dart               Conj           100%       1d8       1%          1
 Scorch                   Fire           100%       2d10      1%          2
 Sting                    Tmut/Pois      16%        1d3       4%          1
 Call Imp                 Summ           4%         N/A       6%          2
 Poisonous Vapours        Pois/Air       8%         N/A       6%          2
 Mephitic Cloud           Conj/Pois/Air  12%        N/A       6%          3
 Olgreb's Toxic Radiance  Pois           4%         N/A       34%         4


Dungeon Overview and Level Annotations

Branches:
Dungeon (6/15)             Temple (1/1) D:4

Altars:
Ashenzari
Cheibriados
Dithmenos
Elyvilon
Fedhas
Gozag
Hepliaklqana
Kikubaaqudgha
Makhleb
Nemelex Xobeh
Okawaru
Qazlal
Ru
Sif Muna
Trog
Uskayaw
Vehumet
Wu Jian
Xom
Zin
The Shining One

Shops:
D:4 :(*=

Annotations:
D:2 Sigmund
D:3 1 runed translucent door, Crazy Yiuf, Purgy
D:5 chipmonk's ghost, novice DjWz
D:6 2 transporters, WhatIsLove's ghost, novice TrMo


Innate Abilities, Weirdness & Mutations

You are a tree.
Your roots penetrate the ground, keeping you stationary.
You cannot be teleported.
You are immune to unholy pain and torment.
Your maximum health is greatly increased.
You cannot wear most types of armour.
((You are amphibious.))
You can wear up to eight rings at the same time.
((Your skin changes colour to match your surroundings (Stealth+).))
((Your rubbery body absorbs attacks. (AC +1, EV +1)))
((You are camouflaged near water. (Stealth+)))
((You have tentacles for arms and can constrict up to eight enemies at once.))


Message History

You resist. You resist.
Your foxfire dissipates! x2
You resist. You resist.
Unknown command.
You resist. You resist. You resist. You resist. You resist.
* * * LOW HITPOINT WARNING * * *
You resist.
* * * LOW HITPOINT WARNING * * *
You resist.
* * * LOW HITPOINT WARNING * * *
You resist.
* * * LOW HITPOINT WARNING * * *
Your transformation is almost over.
Okay, then.
You resist. You resist.
* * * LOW HITPOINT WARNING * * *
You feel better. You resist.
* * * LOW HITPOINT WARNING * * *
Okay, then.
You resist.
* * * LOW HITPOINT WARNING * * *
Unknown command.
Unknown command.
Unknown command.
Press: ? - help, v - describe, . - travel The floor.
There is a cloud of flame here.
Unknown command.
Okay, then.
Unknown command.
Unknown command.
You resist.
You die...

# #######.## #.........
# #......... #. #..#
####.###..# ...)...♣)(#
.......
###.>...).####.#.......#
#.....)......##......#
#.####..###### #.....#
###.####..# ##....#
..........#### ##......
######.......####.......
#...###............
#...# ######.......


There were no monsters in sight!

Vanquished Creatures
  A phantom (D:5)
  2 scorpions
  A bullfrog (D:6)
  A water moccasin zombie (D:5)
  5 wights (D:6)
  A centaur zombie (D:6)
  A jelly (D:5)
  3 bullfrog skeletons
  2 orc priests
  A gnoll shaman (D:4)
  An iguana (D:4)
  4 gnolls (D:4)
  5 adders
  2 howler monkey skeletons (D:5)
  A shadow imp (D:5)
  2 dart slugs
  8 orcs
  4 ball pythons
  5 endoplasms
  2 giant cockroaches
  5 goblins
  4 hobgoblins
  2 jackals (D:3)
  5 quokkas
  5 bats
  5 frilled lizards
  7 kobolds
  2 rats (D:3)
87 creatures vanquished.

Vanquished Creatures (others)
  322 foxfires
  2 plants
324 creatures vanquished.

Grand Total: 411 creatures vanquished

Notes
Turn   | Place    | Note
-------+----------+-------------------------------------------
     0 | D:1      | Conn the Octopode Fire Elementalist began the quest for the
                  | Orb.
     0 | D:1      | Reached XP level 1. HP: 11/11 MP: 3/3
   226 | D:1      | Reached XP level 2. HP: 10/17 MP: 1/5
   410 | D:1      | Found a faded altar of an unknown god.
  1059 | D:2      | Noticed Sigmund
  1731 | D:3      | Noticed Purgy
  1908 | D:3      | Reached XP level 3. HP: 22/22 MP: 3/6
  2032 | D:3      | Learned a level 3 spell: Conjure Flame
  2182 | D:3      | Found a runed translucent door.
  2183 | D:3      | Noticed Crazy Yiuf
  2620 | D:2      | You fall into a shaft and drop 1 floor!
  2780 | D:4      | Found Jeuropn's Jewellery Boutique.
  2780 | D:4      | Found Keijoc's Assorted Antiques.
  2789 | D:4      | Reached XP level 4. HP: 27/27 MP: 2/7
  2849 | D:4      | Reached skill level 4 in Fire Magic
  3060 | D:4      | Found Paappixt's Antique Weapon Boutique.
  3068 | D:4      | Reached XP level 5. HP: 32/32 MP: 0/9
  3150 | D:3      | Learned a level 3 spell: Inner Flame
  3191 | D:4      | Found a staircase to the Ecumenical Temple.
  3191 | D:4      | Found Jyd Utsa's Book Boutique.
  3200 | Temple   | Entered the Ecumenical Temple
  3234 | Temple   | Became a worshipper of Sif Muna the Loreminder
  3910 | D:5      | Entered Level 5 of the Dungeon
  3921 | D:5      | Reached skill level 5 in Fire Magic
  3921 | D:5      | Reached XP level 6. HP: 12/37 MP: 5/10
  4497 | D:5      | Reached XP level 7. HP: 20/42 MP: 9/11
  4793 | D:5      | Found a runed translucent gate.
  4795 | D:5      | Found a runed translucent gate.
  4795 | D:5      | Found a runed translucent gate.
  4796 | D:5      | Noticed chipmonk's ghost (novice DjWz)
  4804 | D:5      | Learned a level 4 spell: Flame Wave
  4815 | D:5      | Reached * piety under Sif Muna
  4982 | D:6      | Identified the +0 dire flail of Cowardice {freeze, rElec
                  | Int+6}
  4982 | D:6      | Noticed a two-headed ogre
  4982 | D:6      | Noticed WhatIsLove's ghost (novice TrMo)
  4982 | D:6      | Found a transporter.
  5482 | D:6      | Reached skill level 6 in Fire Magic
  5804 | D:6      | Found a transporter.
  5839 | D:6      | Reached XP level 8. HP: 39/47 MP: 6/13
  5958 | D:6      | Reached skill level 1 in Fighting
  5986 | D:6      | HP: 2/72 [something (6)]
  5987 | D:6      | Engulfed by a cloud of flame

Illustrated notes

Levels and vault maps discovered:
D:1:      sevenhm_arrival_forest_fort_small_3, layout_rooms,
          dreamdust_ecumenical_altar_grove, minmay_cupped
D:2:      layout_basic, uniq_sigmund
D:3:      layout_rooms, uniq_ijyb, uniq_purgy, uniq_crazy_yiuf_cottage
D:4:      layout_cave_pools, temple_pool_b, serial_shops,
          nicolae_shop_statue_plus, shop, nicolae_shop_waterfront, shop
D:5:      layout_basic, gammafunk_ghost_necromancy, lemuel_old_faithful,
          uniq_blork_the_orc
D:6:      layout_loops_ring, gammafunk_ghost_smash
Temple:   kilobyte_greek_temple

Skill      XL: |  1  2  3  4  5  6  7  8 |
---------------+-------------------------+-----
Stealth        | 3 4 |  4.2
Fire Magic     | 4 5 6 |  6.4
Conjurations   | 2 3 4 |  4.6
Spellcasting   | 3 |  3.9
Fighting       | 1 |  1.0
Short Blades   | |  0.7
Staves         | |  0.4
Dodging        | |  2.6
Hexes          | |  0.3
Invocations    | |  0.1

Action                   |  1- 3 |  4- 6 |  7- 9 || total
-------------------------+-------+-------+-------++-------
Melee: Short sword       |    21 |       |       ||    21
       Constrict         |    11 |     6 |     5 ||    22
       Tentacles         |     6 |     7 |     4 ||    17
       Unarmed           |     1 |       |       ||     1
       Dagger            |       |    21 |     8 ||    29
       Staff             |       |       |    10 ||    10
 Cast: Foxfire           |    68 |    61 |    62 ||   191
       Inner Flame       |       |     1 |     4 ||     5
       Flame Wave        |       |       |     2 ||     2
       Conjure Flame     |       |       |     1 ||     1
Evoke: Wand              |       |       |     3 ||     3
  Use: Scroll            |     2 |     1 |     1 ||     4
       Potion            |       |     2 |    13 ||    15
 Stab: Sleeping          |       |     1 |     1 ||     2
Armor: Skin              |     9 |     1 |    23 ||    33
Dodge: Dodged            |    23 |    10 |    21 ||    54

Table legend: (Time is in decaauts)
 A = Elapsed time spent in this place.
 B = Non-inter-level travel time spent in this place.
 C = Inter-level travel time spent in this place.
 D = Time resting spent in this place.
 E = Time spent auto-exploring this place.
 F = Levels seen in this place.
 G = Mean time per level.
                   A        B        C        D        E       F      G
               +--------+--------+--------+--------+--------+-----+--------+
         Total |   5961 |   5950 |     11 |   1059 |   2983 |   7 |  851.6 |
       Dungeon |   5826 |   5815 |     11 |   1059 |   2983 |   6 |  971.0 |
        Temple |    134 |    134 |      0 |      0 |      0 |   1 |  134.0 |
               +--------+--------+--------+--------+--------+-----+--------+

Top non-repeatable levels by time:
     D:2: 1316 daAuts
     D:5: 1067 daAuts
     D:6: 1005 daAuts
     D:4: 883 daAuts
     D:1: 832 daAuts
     D:3: 721 daAuts
  Temple: 134 daAuts
